 Dungeon Crawl Stone Soup version 0.13.0-9-gbc74161 (webtiles) character file.

464 Malachi the Grave Robber (level 6, -1/45 HPs)
             Began as a Ghoul Necromancer on Oct 17, 2013.
             Slain by an ufetubus (2 damage)
             ... summoned by Eustachio
             ... on Level 4 of the Dungeon.
             The game lasted 00:12:38 (4601 turns).

Malachi the Grave Robber (Ghoul Necromancer)        Turns: 4601, Time: 00:12:38

HP  -1/45        AC  3     Str 12      XL: 6   Next:  7%
MP   0/8         EV 11     Int 12      God:
Gold 226         SH  6     Dex  9      Spells:  4 memorised,  0 levels left

Res.Fire  : . . .   See Invis. : .   p - +0 mace (drain)
Res.Cold  : + . .   Warding    : .   a - +0 robe
Life Prot.: + + +   Conserve   : .   u - +0 buckler
Res.Poison: +       Res.Corr.  : .   (no helmet)
Res.Elec. : .       Clarity    : .   (no cloak)
Sust.Abil.: . .     Spirit.Shd : +   n - +0 pair of gauntlets
Res.Mut.  : .       Stasis     : .   (no boots)
Res.Rott. : +       Flight     : .   l - amulet of guardian spirit
Saprovore : + + +                    (no ring)
                                     A - ring of protection from magic

@: about to teleport, rotting, somewhat resistant to hostile enchantments,
fairly stealthy
A: rotting body, claws 1, carnivore 3, cold resistance 1, life protection 3,
poison resistance, saprovore 3, slow healing 1, torment resistance, unbreathing
a: no special abilities


You were on level 4 of the Dungeon.
You were not hungry.

You visited 1 branch of the dungeon, and saw 4 of its levels.

You collected 206 gold pieces.

Inventory:

Hand weapons
 p - a +0,+0 mace of draining (weapon)
Missiles
 h - 6 needles of paralysis
Armour
 a - a +0 robe (worn)
 k - a +0 ring mail
 n - a +0 pair of gauntlets (worn)
 u - a +0 buckler (worn)
 v - a +0 orcish chain mail
Comestibles
 f - a meat ration
 i - a sausage
 x - a royal jelly
Scrolls
 c - a scroll of identify
 e - 3 scrolls of teleportation
 m - 4 scrolls of remove curse
 q - a scroll of recharging {unknown}
 w - a scroll of magic mapping {unknown}
Jewellery
 j - an uncursed ring of teleportation
 l - an amulet of guardian spirit (around neck)
 A - a ring of protection from magic (left hand)
Potions
 d - 6 potions of curing
 o - a potion of brilliance {unknown}
 r - 2 potions of heal wounds
 t - a potion of degeneration {unknown}
 z - a potion of restore abilities {unknown}
Books
 b - a book of Necromancy

   Spells                             Type                      Level
   *Pain                              Necromancy                   1
   *Animate Skeleton                  Necromancy                   1
   *Lethal Infusion                   Charms/Necromancy            2
   *Vampiric Draining                 Necromancy                   3
   Regeneration                       Charms/Necromancy            3
   Animate Dead                       Necromancy                   4
   Control Undead                     Necromancy                   4
 y - a book of Hinderance

   Spells                             Type                      Level
   Confusing Touch                    Hexes                        1
   Slow                               Hexes                        2
   Confuse                            Hexes                        3
   Petrify                            Transmutation/Earth          4
   Leda's Liquefaction                Hexes/Earth                  4
   Metabolic Englaciation             Hexes/Ice                    6


   Skills:
 - Level 0.4 Fighting
   Level 0.1 Long Blades
 * Level 1.5 Maces & Flails
 - Level 2.7 Dodging
 - Level 2.2 Stealth
 * Level 1.0 Shields
 - Level 0.2 Unarmed Combat
 - Level 1.0 Spellcasting
 + Level 6.0 Necromancy


You couldn't memorise any spells.
You knew the following spells:

 Your Spells              Type           Power        Failure   Level  Hunger
a - Pain                  Necr           ###.         2%          1    ##.....
b - Animate Skeleton      Necr           N/A          2%          1    ##.....
c - Vampiric Draining     Necr           ###.......   10%         3    ####...
d - Lethal Infusion       Chrm/Necr      #.........   14%         2    ###....


Dungeon Overview and Level Annotations

Branches:
Dungeon (4/27)
 Temple: D:4-7

Altars:
Fedhas
Xom

Annotations:
D:4 Eustachio


Innate Abilities, Weirdness & Mutations

Your body is rotting away.
You have sharp fingernails.
You are carnivorous and can eat meat at any time.
Your flesh is cold resistant.
You are immune to negative energy.
Your system is resistant to poisons.
You thrive on rotten meat.
You heal slowly.
You are immune to unholy pain and torment.
You can survive without breathing.


Message History

The iron imp hits you.
* * * LOW HITPOINT WARNING * * *
The ufetubus hits you but does no damage.
The ufetubus closely misses you. The quasit barely misses you.
The quasit claws you.
* * * LOW HITPOINT WARNING * * *
The quasit claws you but does no damage.
Read which item? (? for menu, Esc to quit)
As you read the scroll of teleportation, it crumbles to dust.
You feel strangely unstable.
The ufetubus hits you but does no damage.
You block the ufetubus' attack.
Eustachio gestures wildly while chanting.
Eustachio blinks!
The quasit closely misses you.
The quasit claws you but does no damage.
The quasit closely misses you. The iron imp barely misses you.
The ufetubus hits you.
* * * LOW HITPOINT WARNING * * *
The ufetubus hits you.
You die...

##......## #.....##.###....#####
.................................
########## ......##.........####
.........# .....##...>.#...#
###...##.# #...####...#####
.##...##.######...# #...#
.##...#...#...#...# ###.#
.######...#)..#...# #.#
#######...#...#)@.######.########
............@..555ยง..............
########..##......######.........
.................................
########.............###..#....##
# #....###.................. ##
#..### #....#####.......## .# #..#
#..#### #........# .# #..#
#.b...####..#.....#


You could see Eustachio (fleeing), a quasit, an iron imp, an ufetubus and a bat
(fleeing).

Vanquished Creatures
  An orc wizard (D:4)
  A worker ant (D:4)
  Jessica (D:1)
  An ogre skeleton (D:4)
  5 adders
  2 giant mites
  2 worms
  A giant eyeball (D:4)
  An ooze (D:2)
  5 orcs (D:4)
  2 giant cockroaches
  7 goblins
  11 hobgoblins
  13 jackals
  3 ball pythons
  10 bats
  6 giant newts
  A hobgoblin skeleton (D:4)
  2 kobolds (D:4)
  2 quokkas (D:4)
  8 rats
85 creatures vanquished.

Notes
Turn   | Place    | Note
--------------------------------------------------------------
     0 | D:1      | Malachi, the Ghoul Necromancer, began the quest for the Orb.
     0 | D:1      | Reached XP level 1. HP: 14/14 MP: 3/3
   230 | D:1      | Reached XP level 2. HP: 17/20 MP: 0/4
   841 | D:2      | Reached XP level 3. HP: 25/25 MP: 1/5
   863 | D:2      | Reached skill level 5 in Necromancy
   863 | D:2      | HP: 1/25 [rat (2)]
   915 | D:2      | Noticed Jessica
   931 | D:1      | Killed Jessica
   931 | D:1      | Reached XP level 4. HP: 21/33 MP: 1/6
  1766 | D:2      | Learned a level 1 spell: Animate Skeleton
  1770 | D:2      | Learned a level 3 spell: Vampiric Draining
  2052 | D:3      | Found a shimmering altar of Xom.
  2199 | D:3      | Found a blossoming altar of Fedhas.
  2241 | D:3      | Reached XP level 5. HP: 25/38 MP: 1/7
  2808 | D:4      | Reached skill level 1 in Maces & Flails
  3548 | D:4      | HP: 1/38 [ogre skeleton (10)]
  4286 | D:4      | Noticed Eustachio
  4458 | D:4      | Reached skill level 1 in Shields
  4458 | D:4      | Reached skill level 6 in Necromancy
  4458 | D:4      | Reached XP level 6. HP: 43/45 MP: 3/8
  4501 | D:4      | Learned a level 2 spell: Lethal Infusion
  4601 | D:4      | HP: 1/45 [ufetubus[Eustachio] (2)]
  4601 | D:4      | Slain by an ufetubus

Action                   |  1- 3 |  4- 6 || total
-------------------------+-------+-------++-------
Melee: Unarmed           |    24 |    44 ||    68
       Mace              |       |    84 ||    84
       Long sword        |       |     7 ||     7
 Cast: Pain              |    35 |   104 ||   139
       Lethal Infusion   |       |     1 ||     1
  Use: Scroll            |       |    11 ||    11
 Stab: Sleeping          |       |     1 ||     1
